 Dungeon Crawl Stone Soup version 0.23.1-37-gaa34b87b72 (webtiles) character file.

Game seed: 10282772330974671411

137 GGGomer the Shield-Bearer (level 5, 0/33 HPs)
             Began as a Gargoyle Fighter on Mar 20, 2019.
             Slain by Sigmund
             ... wielding a +4 scythe of freezing
              (1 damage)
             ... on level 3 of the Dungeon.
             The game lasted 00:16:57 (3462 turns).

GGGomer the Shield-Bearer (Gargoyle Fighter)        Turns: 3462, Time: 00:16:57

Health: 0/33       AC: 13    Str: 21    XL:     5   Next: 20%
Magic:  5/5        EV:  5    Int:  8    God:
Gold:   110        SH:  9    Dex:  9    Spells: 4/4 levels left

rFire    + . .     SeeInvis .   l - -1 hand axe (curse)
rCold    + . .     Gourm    .   c - +0 shield
rNeg     + . .     Faith    .   p - +0 chain mail
rPois    ∞         Spirit   .   (no helmet)
rElec    +         Reflect  .   u - scarf {rC+ rF+}
rCorr    .         Harm     +   (no gloves)
MR       .....                  (no boots)
Stlth    ..........             h - amulet of harm
HPRegen  0.11/turn              (no ring)
MPRegen  0.09/turn              (no ring)

@: no status effects
A: negative energy resistance 1, electricity resistance, unbreathing,
petrification resistance, rot immunity, AC +4
a: no special abilities


You were on level 3 of the Dungeon.
You were not hungry.

You visited 1 branch of the dungeon, and saw 3 of its levels.

You collected 110 gold pieces.

Inventory:

Hand Weapons
 a - a +0 flail
 k - a +0 spear
 l - a cursed -1 hand axe (weapon)
 n - a +0 mace
Missiles
 j - 4 tomahawks (quivered)
 m - 40 stones
 o - 4 needles of confusion
 q - 62 arrows
 r - 20 sling bullets
 s - 6 javelins
 x - 20 bolts
Armour
 c - a +0 shield (worn)
 p - a +0 chain mail (worn)
 u - a scarf of resistance (worn)
Jewellery
 h - an amulet of harm (around neck)
 y - an uncursed amulet of harm
Scrolls
 e - 2 scrolls of enchant armour
 t - 3 scrolls of identify
Potions
 d - a potion of might
 g - 2 potions of magic
 i - a potion of berserk rage {unknown}
 v - a potion of lignification {unknown}
 w - a potion of agility {unknown}
 z - 2 potions of flight {unknown}
Comestibles
 f - 7 rations


   Skills:
 + Level 4.2 Fighting
 + Level 2.9 Maces & Flails
 + Level 4.2 Armour
 + Level 4.2 Shields


You had 4 spell levels left.
You didn't know any spells.
Your spell library was empty.

Dungeon Overview and Level Annotations

Branches:
Dungeon (3/15)

Altars:

Annotations:
D:3 Sigmund


Innate Abilities, Weirdness & Mutations

You are resistant to torment.
Your stone body is resilient. (AC +4)
You are immune to poison.
You resist negative energy. (rN+)
You are resistant to electric shocks. (rElec)
You can survive without breathing.
You are immune to petrification.
You are immune to rotting.


Message History

Sigmund is severely wounded.
Sigmund casts a spell.
Sigmund flickers and vanishes!
Deactivating autopickup; reactivate with Ctrl-A.
You barely miss something. You block something's attack.
You barely miss something. Something hits you.
You barely miss something.
You hear some strange, mumbled words.
A magic dart appears from out of thin air!
The magic dart hits you but does no damage.
You miss something. Something hits you but does no damage.
You barely miss something. Something hits you but does no damage.
You miss something.
You hear some strange, mumbled words.
Something tries to affect you, but you resist.
You miss something. Something hits you! Something freezes you.
You hit something. Something hits you!
* * * LOW HITPOINT WARNING * * *
Something freezes you.
You die...

......#.####### #.# #.#
......#.......# ##.####<#
...... #.#####.# #.......#
#..... #.# #.# #.÷####.#
##.#'####.#####.# #..# #.#
..........@.....###..####.#
...............)..........#
#....####'#####{###..###..#
#...>...........@....# #..#
...........##....##..# #..#
##.........##....##..###..#
#^..............'........#
#..#####.###....##..###..#
#..#####.# #######..# #..#
#.<......# #..# #..#
#..#####.# #..# #..#
#........### ##..###..#


There were no monsters in sight!

Vanquished Creatures
  A gnoll (D:1)
  4 adders (D:2)
  A shadow imp (D:2)
  An ooze (D:2)
  A worm (D:2)
  4 dart slugs
  4 orcs (D:3)
  3 giant cockroaches
  9 goblins
  10 hobgoblins
  4 kobolds
  A quokka (D:2)
  11 bats
  4 frilled lizards
  8 rats
66 creatures vanquished.

Notes
Turn   | Place    | Note
-------+----------+-------------------------------------------
     0 | D:1      | GGGomer the Gargoyle Fighter began the quest for the Orb.
     0 | D:1      | Reached XP level 1. HP: 14/14 MP: 1/1
   211 | D:1      | Reached XP level 2. HP: 17/19 MP: 2/2
   882 | D:1      | Reached XP level 3. HP: 24/24 MP: 3/3
  1653 | D:2      | Reached XP level 4. HP: 19/29 MP: 4/4
  2514 | D:2      | Reached XP level 5. HP: 33/33 MP: 5/5
  3421 | D:3      | Noticed Sigmund
  3462 | D:3      | HP: 1/33 [something (10)]
  3462 | D:3      | Slain by Sigmund

Skill      XL: |  1  2  3  4 |
---------------+-------------+-----
Fighting       | 4 |  4.2
Armour         | 4 |  4.2
Shields        | 4 |  4.2
Maces & Flails | |  2.9

Action                   |  1- 3 |  4- 6 || total
-------------------------+-------+-------++-------
Melee: Flail             |    68 |       ||    68
       Hand axe          |    39 |   232 ||   271
  Use: Scroll            |     2 |     3 ||     5
  Eat: Chunk             |     2 |     3 ||     5
       Ration            |       |     1 ||     1
Armor: Scale mail        |    33 |       ||    33
       Chain mail        |    18 |   163 ||   181
Dodge: Dodged            |    19 |    53 ||    72
Block: Shield            |    57 |   146 ||   203
